 Dungeon Crawl Stone Soup version 0.32-a0-485-g70f7560b1c (webtiles) character file.

Game seed: 13304603016308144781

53 Khashishi the Trooper (level 3, 0/29 HPs)
             Began as a Mummy Monk on Feb 27, 2024.
             Slain by a ribbon worm (7 damage)
             ... on level 2 of the Dungeon.
             The game lasted 00:05:09 (959 turns).

Khashishi the Trooper (Mummy Monk)                   Turns: 959, Time: 00:05:10

Health: 0/29       AC:  3    Str: 16    XL:     3   Next: 64%
Magic:  3/3        EV: 12    Int:  9    God:
Gold:   49         SH:  0    Dex: 14    Spells: 2/2 levels left

rFire   x . .        a - +0 spear
rCold   + . .        c - orb {light}
rNeg    + + +        f - +0 leather armour
rPois   ∞            (no helmet)
rElec   .            (no cloak)
rCorr   .            (no gloves)
SInv    .            (no boots)
Will    .....        (no amulet)
Stlth   +            (no ring)
HPRegen 0.24/turn    (no ring)
MPRegen 0.08/turn

%: faith
@: glowing
A: cold resistance 1, negative energy resistance 3, torment resistance 2, heat
vulnerability 1, in touch with death 1, no potions, faith
a: no special abilities


You were on level 2 of the Dungeon.
You visited 1 branch of the dungeon, and saw 2 of its levels.

You collected 49 gold pieces.

Inventory:

Hand Weapons
 a - a +0 spear (weapon)
Missiles
 h - 2 poisoned darts (quivered)
Armour
 c - an orb of light (worn)
 f - a +0 leather armour (worn)
Scrolls
 b - a scroll of immolation {unknown}
 d - 2 scrolls of amnesia
 e - a scroll of identify {unknown}
 g - a scroll of blinking {unknown}


   Skills:
 + Level 3.4 Fighting
 + Level 2.8 Polearms
 + Level 1.1 Armour
 + Level 2.8 Dodging


You had 2 spell levels left.
You didn't know any spells.
Your spell library was empty.

Dungeon Overview and Level Annotations

Branches:
Dungeon (2/15)

Altars:


Innate Abilities, Weirdness & Mutations

You are immune to poison.
Your flesh is cold resistant. (rC+)
You are immune to negative energy. (rN+++)
You are immune to unholy pain and torment.
You are vulnerable to heat. (rF-)
You are in touch with the powers of death.
You do not drink.
You have a special connection with the divine. (Faith)


Message History

The ribbon worm expels a string of sticky webbing.
The stream of webbing hits you but does no damage.
You are caught in a web!
The web tears apart.
You hit the ribbon worm.
The ribbon worm is moderately wounded.
The ribbon worm bites you.
You hit the ribbon worm.
The ribbon worm is moderately wounded.
You hit the ribbon worm.
The ribbon worm is heavily wounded.
The ribbon worm bites you!
You hit the ribbon worm.
The ribbon worm is almost dead.
The ribbon worm bites you.
The ribbon worm expels a string of sticky webbing.
The stream of webbing hits you but does no damage.
You are caught in a web!
The web tears apart.
The ribbon worm expels a string of sticky webbing.
The stream of webbing hits you but does no damage.
You are caught in a web!
The ribbon worm expels a string of sticky webbing.
The stream of webbing hits you but does no damage.
You are even more entangled.
You struggle to detach yourself from the web.
The ribbon worm closely misses you.
The ribbon worm expels a string of sticky webbing.
The stream of webbing hits you but does no damage.
You are even more entangled.
The web tears apart.
You hit the ribbon worm.
The ribbon worm is almost dead.
The ribbon worm bites you but does no damage.
The ribbon worm bites you.
* * * LOW HITPOINT WARNING * * *
You hit the ribbon worm.
You kill the ribbon worm!
The ribbon worm bites you!
You die...

......#
#..##.##..♣♣♣♣♣..##
......#
#..♣.♣..♣PPPPP♣.##
......# #
#..........P♣..## .....#
.( ##....♣♣P.♣.♣#..###
....# ...
###..###♣♣♣♣♣..#..#.
.####
....#............#......
.#
.........#######..#.P♣..
.#
....#†w...........#..♣♣P
...
....((.@...########PP♣P.
.#... ....#...#....#
#.P♣.. .#.....
...##.#.##...## #.P..#
.. ...# #. #.#.# ##...#
#..#... .. ... #.#..
.......##.## ... ... ...
#..#. #.## #.#
##....###.## #<#
....#...... #†........


You could see a ribbon worm (catching breath).

Vanquished Creatures
  An adder (D:2)
  A ribbon worm (D:2)
  A dart slug (D:1)
  2 ball pythons
  5 bats (D:1)
  3 endoplasms (D:1)
  6 giant cockroaches (D:1)
  3 goblins
  3 hobgoblins
  2 jackals (D:1)
  2 quokkas
  2 frilled lizards
  2 kobolds (D:1)
  6 rats
39 creatures vanquished.

Notes
Turn   | Place    | Note
-------+----------+-------------------------------------------
     0 | D:1      | Khashishi the Mummy Monk began the quest for the Orb.
     0 | D:1      | Reached XP level 1. HP: 18/18 MP: 1/1
   180 | D:1      | Reached XP level 2. HP: 19/24 MP: 2/2
   671 | D:1      | Reached XP level 3. HP: 29/29 MP: 3/3
   835 | D:1      | Reached skill level 1 in Armour
   959 | D:2      | Slain by a ribbon worm

Illustrated notes

Levels and vault maps discovered:
D:1:      ebering_hopf_link, layout_basic
D:2:      layout_rooms, serial_forest, infiniplex_forest_clump_small,
          infiniplex_forest_clump_diagonal, infiniplex_forest_straight_1,
          infiniplex_forest_fountain, infiniplex_forest_end_1,
          infiniplex_forest_lined_1

Skill      XL: |  1  2  3 |
---------------+----------+-----
Armour         | 1 |  1.1
Fighting       | |  3.4
Polearms       | |  2.8
Dodging        | |  2.8

Action                     || total
---------------------------++-------
  Melee: Spear             ||   141
  Throw: Dart              ||     3
    Use: Scroll            ||     1
 Armour: Robe              ||     5
         Leather armour    ||    52
  Dodge: Dodged            ||    74

Table legend: (Time is in decaauts)
 A = Elapsed time spent in this place.
 B = Non-inter-level travel time spent in this place.
 C = Inter-level travel time spent in this place.
 D = Time resting spent in this place.
 E = Time spent auto-exploring this place.
 F = Levels seen in this place.
 G = Mean time per level.
                   A        B        C        D        E       F      G
               +--------+--------+--------+--------+--------+-----+--------+
         Total |    960 |    910 |     50 |      0 |    412 |   2 |  480.0 |
       Dungeon |    960 |    910 |     50 |      0 |    412 |   2 |  480.0 |
               +--------+--------+--------+--------+--------+-----+--------+

Top non-repeatable levels by time:
     D:1: 828 daAuts
     D:2: 131 daAuts
